 Dungeon Crawl Stone Soup version 0.22.0 (webtiles) character file.

224 Loudmushroom the Chopper (level 5, 0/47 HPs)
             Began as a Minotaur Berserker on Aug 10, 2018.
             Was a Believer of Trog.
             Succumbed to big kobold's curare-tipped needle
             ... on level 3 of the Dungeon.
             The game lasted 00:14:46 (4169 turns).

Loudmushroom the Chopper (Minotaur Berserker)       Turns: 4169, Time: 00:14:46

Health: 0/47       AC:  9    Str: 21    XL:     5   Next: 67%
Magic:  4/4        EV:  8    Int:  4    God:    Trog [**....]
Gold:   155        SH:  3    Dex: 11    Spells: 4/4 levels left

rFire    . . .     SeeInvis .   a - +0 hand axe
rCold    . . .     Gourm    .   F - +0 buckler
rNeg     . . .     Faith    .   z - +0 chain mail
rPois    .         Spirit   .   (helmet restricted)
rElec    .         Reflect  .   (no cloak)
rCorr    .         Harm     .   (no gloves)
MR       .....                  (no boots)
Stlth    ..........             (no amulet)
HPRegen  0.15/turn              (no ring)
MPRegen  0.09/turn              (no ring)

@: lethally poisoned (0 -> -12), slowed, very slow
A: retaliatory headbutt, horns 2
a: Berserk, Trog's Hand, Renounce Religion


You were on level 3 of the Dungeon.
You worshipped Trog.
Trog was pleased with you.
You were hungry.

You visited 1 branch of the dungeon, and saw 3 of its levels.

You collected 155 gold pieces.

Inventory:

Hand Weapons
 a - a +0 hand axe (weapon)
 b - a +0 hunting sling
 u - a +0 hunting sling
Missiles
 g - 72 stones (quivered)
 i - 15 arrows
 n - 15 poisoned needles
 v - 19 bolts
Armour
 y - a cursed -1 ring mail
 z - a +0 chain mail (worn)
 F - a +0 buckler (worn)
Jewellery
 j - a cursed -2 ring of intelligence {unknown}
 A - an uncursed ring of flight {unknown}
Scrolls
 h - 4 scrolls of remove curse {unknown}
 k - 5 scrolls of identify {unknown}
 l - 3 scrolls of teleportation {unknown}
 o - a scroll of noise {unknown}
 q - 2 scrolls of random uselessness {unknown}
 r - 2 scrolls of blinking {unknown}
 x - a scroll of enchant armour {unknown}
 E - a scroll of magic mapping {unknown}
Potions
 d - 2 potions of might {unknown}
 e - a potion of degeneration {unknown}
 f - 2 potions of curing {unknown}
 m - 3 potions of mutation {unknown}
 p - a potion of heal wounds {unknown}
 s - a potion of haste {unknown}
 w - a potion of lignification {unknown}
 B - a potion of flight {unknown}
 C - a potion of brilliance {unknown}
 D - a potion of magic {unknown}
 G - a potion of ambrosia {unknown}
Comestibles
 c - 7 rations


   Skills:
 + Level 4.6 Fighting
 * Level 5.6 Axes
 + Level 3.8 Armour
 + Level 3.5 Dodging


You had 4 spell levels left.
You didn't know any spells.
Your spell library was empty.

Dungeon Overview and Level Annotations

Branches:
Dungeon (3/15)

Altars:
Sif Muna
Uskayaw

Annotations:
D:3 biddum's ghost, amateur HOFi


Innate Abilities, Weirdness & Mutations

You reflexively headbutt those who attack you in melee.
You have a pair of horns on your head.


Message History

The big kobold hits you with an uncursed dagger.
* * * LOW HITPOINT WARNING * * *
You closely miss the big kobold.
* * * LOW HITPOINT WARNING * * *
You feel very sick.
The big kobold hits you but does no damage.
You closely miss the big kobold.
* * * LOW HITPOINT WARNING * * *
You feel sick.
The big kobold hits you but does no damage.
The big kobold hits you with an uncursed dagger.
* * * LOW HITPOINT WARNING * * *
You hit the big kobold.
The big kobold is lightly wounded.
* * * LOW HITPOINT WARNING * * *
You feel sick.
The big kobold hits you but does no damage.
You closely miss the big kobold.
The big kobold is lightly wounded.
You die...

#.#.).##.# #.##..# ######.....#.
#.###.##.# #.##..# ##≈⌠≈##. #.#
#.##.# #.##..# #####.. #.###)##.#
#.##..# ##'##### #........#
#.....# ##...## #####.####
####.### ##.....## ###.#.# #.#.##
##.......##
......#########.K..####.[.......#
...........(((>.@.....'.........'
##....###.#####....####......[..#
##..#.# #.# #...## ##.......##
#.....# #.# ##.## ##.....##
#...### #.# #.# ##...## #...# #.#
#.# ##'#### ....#####.# #.#
#....# #.........# #.# #....#
#.######### #.# ###....##


You could see a big kobold.

Vanquished Creatures
  2 orc wizards (D:3)
  3 gnolls
  3 adders
  2 oozes
  3 worms
  2 dart slugs (D:1)
  5 leopard geckos
  3 orcs (D:3)
  3 ball pythons
  10 giant cockroaches
  10 goblins
  9 hobgoblins
  5 jackals
  9 bats
  2 frilled lizards
  3 kobolds
  7 rats
81 creatures vanquished.

Vanquished Creatures (others)
  A fungus (D:3)
  3 plants (D:3)
4 creatures vanquished.

Grand Total: 85 creatures vanquished

Notes
Turn   | Place    | Note
-------+----------+-------------------------------------------
     0 | D:1      | Loudmushroom the Minotaur Berserker began the quest for the Orb.
     0 | D:1      | Reached XP level 1. HP: 19/19 MP: 0/0
   223 | D:1      | Reached skill level 4 in Axes
   223 | D:1      | Reached XP level 2. HP: 27/27 MP: 1/1
   543 | D:1      | Reached XP level 3. HP: 33/33 MP: 2/2
   857 | D:1      | Reached ** piety under Trog
  1226 | D:2      | Reached XP level 4. HP: 32/40 MP: 3/3
  2370 | D:3      | Reached skill level 5 in Axes
  2371 | D:3      | Found a runed gate.
  2371 | D:3      | Found a runed gate.
  2373 | D:3      | Found a runed gate.
  2614 | D:3      | Reached XP level 5. HP: 47/47 MP: 4/4
  2975 | D:3      | Found a deep blue altar of Sif Muna.
  3199 | D:3      | Noticed biddum's ghost (amateur HOFi)
  3555 | D:3      | Noticed a hand axe
  3556 | D:3      | Found a hide-covered altar of Uskayaw.
  3556 | D:3      | Noticed a dagger
  3638 | D:3      | Reached *** piety under Trog
  4168 | D:3      | HP: 2/47 [poisoned by big kobold (curare-tipped needle)]
  4169 | D:3      | Succumbed to big kobold's curare-tipped needle

Skill      XL: |  1  2  3  4 |
---------------+-------------+-----
Axes           | 4 5 |  5.6
Fighting       | 4 |  4.6
Armour         | 3 |  3.8
Dodging        | 3 |  3.5

Action                   |  1- 3 |  4- 6 || total
-------------------------+-------+-------++-------
Melee: Hand axe          |    66 |   128 ||   194
       Headbutt          |     4 |    25 ||    29
Invok: Trog's Hand       |       |     2 ||     2
 Stab: Sleeping          |     1 |       ||     1
  Eat: Chunk             |     1 |     9 ||    10
Armor: Animal skin       |     3 |       ||     3
       Leather armour    |    11 |    14 ||    25
       Chain mail        |       |    39 ||    39
Dodge: Dodged            |    45 |    80 ||   125
Block: Buckler           |       |     1 ||     1
